[Event "CZE-ch U12 2020"]
[Site "Kouty nad Desnou"]
[Date "2020.03.09"]
[Round "4.7"]
[White "Jasso, Matej"]
[Black "Kubin, Tomas Daniel"]
[Result "1-0"]
[ECO "B01"]
[WhiteElo "1582"]
[BlackElo "1484"]
[Annotator "NA"]
[PlyCount "57"]
[EventDate "2020.03.07"]
[EventCountry "CZE"]
[SourceTitle "playchess.com"]
[Source "ChessBase"]
[SourceQuality "1"]
[TimeControl "5400+30"]

1. e4 d5 2. exd5 Nf6 3. d4 Nxd5 4. c4 Nb6 5. Nf3 g6 6. Nc3 Bg7 7. Be3 O-O 8. h3 Nc6 9. Be2 e5 10. d5 Ne7 11. O-O f5 12. Qb3 Kh8 13. Rad1 e4 14. Ng5 f4 15. Bxb6 axb6 16. Ncxe4 Nf5 17. Nf3 Re8 18. Neg5 Nd6 19. Bd3 Bd7 20. Rde1 Ba4 21. Qb4 c5 22. dxc6 Bxc6 23. Qxd6 Qxd6 24. Nf7+ Kg8 25. Nxd6 Red8 26. c5 Kf8 27. Ng5 Rd7 28. Ne6+ Kg8 29. Bc4 1-0

[Event "CZE-ch U12 2020"]
[Site "Kouty nad Desnou"]
[Date "2020.03.09"]
[Round "4.8"]
[White "Matusik, Ondrej"]
[Black "Martirosyan, David"]
[Result "0-1"]
[ECO "B90"]
[WhiteElo "1482"]
[BlackElo "1522"]
[Annotator "NA"]
[PlyCount "58"]
[EventDate "2020.03.07"]
[EventCountry "CZE"]
[SourceTitle "playchess.com"]
[Source "ChessBase"]
[SourceQuality "1"]
[TimeControl "5400+30"]

1. e4 c5 2. Nf3 d6 3. d4 cxd4 4. Nxd4 Nf6 5. Nc3 a6 6. a4 e5 7. Nb3 Be6 8. Be2 Be7 9. O-O O-O 10. Be3 Nbd7 11. f4 exf4 12. Bxf4 Nb6 13. Nd4 Bc4 14. Nf5 Bxe2 15. Qxe2 Re8 16. Rfd1 d5 17. Kh1 Bc5 18. e5 Qc8 19. Qd3 Ng4 20. Bg3 Rxe5 21. Nd4 Re3 22. Qd2 Nc4 23. Qc1 Rxg3 24. hxg3 Nf2+ 25. Kh2 Nxd1 26. Qxd1 Nxb2 27. Qd2 Qg4 28. Nce2 Re8 29. Rb1 Qh5+ 0-1

[Event "CZE-ch U12 2020"]
[Site "Kouty nad Desnou"]
[Date "2020.03.09"]
[Round "4.11"]
[White "Sigut, Ondrej"]
[Black "Buchta, Bartolomej"]
[Result "0-1"]
[ECO "B52"]
[WhiteElo "1274"]
[BlackElo "1508"]
[Annotator "NA"]
[PlyCount "107"]
[EventDate "2020.03.07"]
[EventCountry "CZE"]
[SourceTitle "playchess.com"]
[Source "ChessBase"]
[SourceQuality "1"]
[TimeControl "5400+30"]

1. e4 c5 2. Nf3 d6 3. Bb5+ Bd7 4. Bxd7+ Qxd7 5. d4 cxd4 6. Nxd4 Nf6 7. Nc3 Nc6 8. Nf3 g6 9. O-O Bg7 10. Bg5 Rc8 11. Re1 Ng4 12. h3 Nge5 13. Nxe5 Bxe5 14. Bh6 Na5 15. Rb1 Nc4 16. Re2 Nxb2 17. Rxb2 Rxc3 18. Rb3 Qc7 19. Rxc3 Qxc3 20. Re3 Qd4 21. Qxd4 Bxd4 22. Rb3 b6 23. Kf1 Kd7 24. c3 Bc5 25. f3 Ke6 26. Ke2 d5 27. exd5+ Kxd5 28. Kd3 f5 29. c4+ Kc6 30. Rc3 Rd8+ 31. Ke2 Bb4 32. Rc2 Kd6 33. Bf4+ e5 34. Bg3 Ke6 35. Bf2 Rc8 36. Be3 Rc7 37. Rc1 Ba3 38. Rc3 Bb4 39. Rc1 e4 40. fxe4 fxe4 41. Bf4 Rd7 42. Rc2 Kf5 43. Be3 h5 44. Kf2 Rc7 45. Rc1 Bc5 46. g3 b5 47. Bxc5 Rxc5 48. Ke3 Rxc4 49. Rxc4 bxc4 50. Kd4 h4 51. gxh4 Kf4 52. Kxc4 Kf3 53. Kc3 Kf2 54. Kd4 0-1

[Event "CZE-ch U12 2020"]
[Site "Kouty nad Desnou"]
[Date "2020.03.09"]
[Round "4.12"]
[White "Matus, Jakub"]
[Black "Tesar, Jakub"]
[Result "1/2-1/2"]
[ECO "C73"]
[WhiteElo "1240"]
[BlackElo "1446"]
[Annotator "NA"]
[PlyCount "84"]
[EventDate "2020.03.07"]
[EventCountry "CZE"]
[SourceTitle "playchess.com"]
[Source "ChessBase"]
[SourceQuality "1"]
[TimeControl "5400+30"]

1. e4 e5 2. Nf3 Nc6 3. Bb5 a6 4. Ba4 d6 5. Bxc6+ bxc6 6. d4 exd4 7. Qxd4 Nf6 8. Nc3 Be7 9. Bf4 O-O 10. O-O Rb8 11. b3 Re8 12. h3 Nd7 13. Qc4 Bf6 14. Rfe1 c5 15. Rad1 Rb4 16. Qd3 Bxc3 17. Qxc3 Rbxe4 18. Rxe4 Rxe4 19. Bg3 Nb6 20. Qd3 Re8 21. Bh4 f6 22. a4 Bb7 23. a5 Nd7 24. Qf5 Be4 25. Qh5 Bxc2 26. Qd5+ Kf8 27. Rd2 Be4 28. Qc4 Bb7 29. Qc2 Be4 30. Qc4 Qa8 31. Re2 Bd5 32. Rxe8+ Kxe8 33. Qd3 Be4 34. Qe2 Kf8 35. Bg3 Bxf3 36. gxf3 Ne5 37. Bxe5 fxe5 38. Qd3 g6 39. Kg2 Qb7 40. Kg3 Ke7 41. Qc4 Qa8 42. Qh4+ Ke6 1/2-1/2

[Event "CZE-ch U12 2020"]
[Site "Kouty nad Desnou"]
[Date "2020.03.10"]
[Round "5.3"]
[White "Hladky, Tadeas"]
[Black "Prazak, Daniel"]
[Result "1/2-1/2"]
[ECO "C03"]
[WhiteElo "1773"]
[BlackElo "1765"]
[Annotator "NA RC"]
[PlyCount "79"]
[EventDate "2020.03.07"]
[EventCountry "CZE"]
[SourceTitle "playchess.com"]
[Source "ChessBase"]
[SourceQuality "1"]
[TimeControl "5400+30"]

1. e4 e6 2. d4 d5 3. Nd2 a6 4. Ngf3 c5 5. exd5 exd5 6. c3 Nf6 7. Be2 Nc6 8. O-O cxd4 9. Nxd4 Nxd4 10. cxd4 Bd6 11. Re1 O-O 12. Nf1 Be6 13. Bg5 h6 14. Be3 Qb6 15. Qb1 Rac8 16. Rc1 Rxc1 17. Qxc1 Rc8 18. Qb1 Ng4 19. Bxg4 Bxg4 20. Ng3 Be7 21. h3 Be6 22. b3 Bf6 23. Qb2 Qb4 24. Ne2 Bf5 25. Rc1 Rc6 26. Rxc6 bxc6 27. Qc3 Qb5 28. Nc1 a5 29. a4 Qb6 30. Nd3 Bxd3 31. Qxd3 Be7 32. Qc3 Bb4 33. Qd3 Bd6 34. g3 Be7 35. Kg2 Bb4 36. Qc2 Qb7 37. Kh2 Qb6 38. Kg2 Qb7 39. Kh2 Qb6 40. Kg2 1/2-1/2

[Event "CZE-ch U12 2020"]
[Site "Kouty nad Desnou"]
[Date "2020.03.10"]
[Round "5.4"]
[White "Brozka, Karel"]
[Black "Jasso, Matej"]
[Result "1-0"]
[ECO "E91"]
[WhiteElo "2013"]
[BlackElo "1582"]
[Annotator "ChessBase"]
[PlyCount "83"]
[EventDate "2020.03.07"]
[EventCountry "CZE"]
[SourceTitle "playchess.com"]
[Source "ChessBase"]
[SourceQuality "1"]
[TimeControl "5400+30"]

1. d4 Nf6 2. Nf3 g6 3. c4 Bg7 4. Nc3 O-O 5. e4 d6 6. Be2 Bg4 7. Be3 Nfd7 8. Nd2 Bxe2 9. Qxe2 c5 10. d5 Na6 11. f4 Rb8 12. O-O Nc7 13. a4 a6 14. a5 b5 15. axb6 Rxb6 16. Na4 Rb4 17. Ra2 Qb8 18. b3 Nb6 19. Nxb6 Rxb6 20. e5 Re8 21. Qf3 Qc8 22. g4 Qd7 23. Ra3 f5 24. e6 Nxe6 25. dxe6 Qxe6 26. g5 Qf7 27. Bf2 Kh8 28. Re1 e5 29. fxe5 Bxe5 30. Qd3 Re7 31. Nf3 Bb2 32. Ra2 Rxe1+ 33. Nxe1 Be5 34. Bxc5 Rc6 35. Bd4 Qe7 36. Nf3 Rc8 37. Re2 Re8 38. Bxe5+ dxe5 39. Rxe5 Qa7+ 40. Kg2 Rxe5 41. Nxe5 Qe7 42. Qd8+ 1-0

[Event "CZE-ch U12 2020"]
[Site "Kouty nad Desnou"]
[Date "2020.03.10"]
[Round "5.5"]
[White "Juhanak, Daniel"]
[Black "Nguyen, Thai Dang Vi"]
[Result "1-0"]
[ECO "D23"]
[WhiteElo "1656"]
[BlackElo "1510"]
[Annotator "NA"]
[PlyCount "87"]
[EventDate "2020.03.07"]
[EventCountry "CZE"]
[SourceTitle "playchess.com"]
[Source "ChessBase"]
[SourceQuality "1"]
[TimeControl "5400+30"]

1. d4 d5 2. c4 dxc4 3. Nf3 Nf6 4. g3 Bf5 5. Bg2 c6 6. Nc3 e6 7. a4 Nbd7 8. O-O Bd6 9. Nd2 Bc7 10. Nxc4 Nb6 11. Na5 Qc8 12. Nb3 O-O 13. Bg5 Nbd7 14. a5 h6 15. Bf4 Bxf4 16. gxf4 Qc7 17. e3 Rad8 18. Qe2 c5 19. Nb5 Qb8 20. dxc5 e5 21. Rfd1 exf4 22. exf4 Rfe8 23. Qc4 Be6 24. Qc3 Bxb3 25. Qxb3 Nxc5 26. Qc4 Nce4 27. Qc7 a6 28. Qxb8 Rxb8 29. Nd6 Nxd6 30. Rxd6 Re2 31. Rb6 Ne4 32. Bf3 Rxf2 33. Bxe4 Rxf4 34. Bxb7 Rg4+ 35. Kf2 Rg6 36. Rxg6 fxg6 37. Bxa6 Rxb2+ 38. Be2 Rb7 39. a6 Ra7 40. Rb1 Kf8 41. Rb8+ Ke7 42. Rb7+ Rxb7 43. axb7 Kd7 44. b8=Q 1-0

[Event "CZE-ch U12 2020"]
[Site "Kouty nad Desnou"]
[Date "2020.03.10"]
[Round "5.6"]
[White "Soucek, Jan"]
[Black "Veverka, Vladimir"]
[Result "1-0"]
[ECO "D15"]
[WhiteElo "1872"]
[BlackElo "1656"]
[Annotator "NA RC"]
[PlyCount "63"]
[EventDate "2020.03.07"]
[EventCountry "CZE"]
[SourceTitle "playchess.com"]
[Source "ChessBase"]
[SourceQuality "1"]
[TimeControl "5400+30"]

1. d4 d5 2. c4 c6 3. Nc3 Nf6 4. Nf3 dxc4 5. e3 h6 (5... b5 $11 {remains equal.}) 6. Bxc4 {[%emt 0:01:14] D15: Slav Defence: 4 Nc3 a6 and gambit lines after 4 Nc3 dxc4.} Bf5 (6... b5 $16 {might work better.}) 7. Qb3 e6 8. Qxb7 Nbd7 9. Qxc6 Rc8 {[%emt 0:02:38] [#]} 10. Qa6 $146 ({Predecessor:} 10. Qa4 Bd6 11. Ba6 Rb8 12. Nb5 Qe7 13. Nxd6+ Qxd6 14. b3 Qc7 15. Bd2 Be4 16. Rc1 {1-0 (43) Panos,J (1845)-Laloucek,M (1771) Marianske Lazne 2016}) 10... Bb4 11. Bd2 Qc7 12. Bd3 Bxc3 13. Bxc3 Nd5 $2 (13... O-O {is a better defense.}) 14. Bxf5 exf5 15. O-O Nxc3 16. bxc3 Qxc3 17. Qxa7 Nf6 18. Qa4+ Ke7 19. Rab1 Ne4 20. Ne5 Rc7 21. Rb3 Qc2 22. Qa3+ Kf6 23. Rb6+ Kg5 24. f3 Nc3 25. Qd6 Ne2+ 26. Kh1 Rf8 {[%emt 0:00:22] [#]} 27. Nxf7+ $1 Rfxf7 28. Qg6+ Kh4 29. g3+ Nxg3+ 30. Qxg3+ Kh5 31. Qh3+ Kg5 32. f4# 1-0

[Event "CZE-ch U12 2020"]
[Site "Kouty nad Desnou"]
[Date "2020.03.10"]
[Round "5.7"]
[White "Martirosyan, David"]
[Black "Setina, Vaclav"]
[Result "1-0"]
[ECO "B36"]
[WhiteElo "1522"]
[BlackElo "1507"]
[Annotator "NA RC"]
[PlyCount "31"]
[EventDate "2020.03.07"]
[EventCountry "CZE"]
[SourceTitle "playchess.com"]
[Source "ChessBase"]
[SourceQuality "1"]
[TimeControl "5400+30"]

1. e4 c5 2. Nf3 Nc6 3. d4 cxd4 4. Nxd4 g6 5. c4 Nf6 6. Nc3 Nxd4 7. Qxd4 Bg7 8. e5 Ng8 9. Bf4 d6 10. Rd1 Qb6 11. c5 Qd8 12. cxd6 e6 13. Nb5 Kf8 14. Nc7 Rb8 15. d7 Qxc7 16. d8=Q+ {[%emt 0:00:46] Qc6} 1-0

[Event "CZE-ch U12 2020"]
[Site "Kouty nad Desnou"]
[Date "2020.03.10"]
[Round "5.8"]
[White "Tichy, Tomas"]
[Black "Matusik, Ondrej"]
[Result "1-0"]
[ECO "C07"]
[WhiteElo "1810"]
[BlackElo "1482"]
[Annotator "NA"]
[PlyCount "87"]
[EventDate "2020.03.07"]
[EventCountry "CZE"]
[SourceTitle "playchess.com"]
[Source "ChessBase"]
[SourceQuality "1"]
[TimeControl "5400+30"]

1. e4 e6 2. d4 d5 3. Nd2 c5 4. exd5 Qxd5 5. Ngf3 cxd4 6. Bc4 Qd6 7. O-O Nc6 8. Nb3 (8. Ne4 $5 Qd7 9. Qe2 $14) 8... Nf6 9. Nbxd4 Bd7 {[%emt 0:02:26] C07: French Tarrasch: 3...c5, 4 Ngf3 and 4 exd5 Qxd5.} 10. Nb5 Qb8 11. g3 {[%emt 0:01:08] [#]} Qd8 $146 ({Predecessor:} 11... a6 12. Bf4 Qxf4 13. gxf4 axb5 14. Bxb5 Rd8 15. Qe2 Be7 16. Ne5 O-O 17. Rfd1 Nd4 18. Rxd4 Bxb5 19. Qd1 Be2 20. Qd2 Ne4 21. Qxe2 Rxd4 22. c3 Ra4 23. Qc2 {1-0 (23) Ljubarskij,J (2305)-Knaak,M Hamburg 1993}) 12. Bf4 Rc8 13. Bd6 Nb4 {[%emt 0:16:29] [#]} (13... Qb6 $14) 14. Ne5 ({White should play} 14. Bxf8 $1 $16 Kxf8 15. Nd6 {[%mdl 64] Double Attack}) 14... Nbd5 $2 ({But not} 14... Rxc4 $2 15. Bxf8 Bxb5 16. Qxd8+ Kxd8 17. Bxg7 $18) ({Better is} 14... Nc6 $1 $14 15. Nxd7 Qxd7) 15. Bxf8 Kxf8 16. Nd6 {[%emt 0:02:16] Double Attack} ({Weaker is} 16. Nxa7 Ra8 $16) 16... Rxc4 17. Nxd7+ Qxd7 18. Nxc4 Ke7 19. Qd3 Rc8 (19... Qb5 {was necessary.} 20. Rfe1 Ra8) 20. Qa3+ {[%emt 0:02:10] Double Attack} Kd8 21. Ne5 Qe7 22. Qd3 Ke8 23. Rad1 Kf8 24. a3 Qc7 25. c4 Qxe5 26. cxd5 Qxd5 {[%emt 0:00:51] [#]} 27. Qe3 $1 Qa5 {[%emt 0:01:48] [#]} 28. Rc1 $1 Rd8 29. Rc5 Qb6 30. Rfc1 Qd6 31. Rc8 b6 32. Rxd8+ Qxd8 33. Qb3 Qd7 34. Rd1 Qe8 35. Qb4+ Kg8 36. Qd6 Nd5 37. Qe5 Qc8 38. Qe2 Kf8 39. Qd3 Kg8 40. Qd2 Qb7 41. Rc1 Qd7 $18 (41... h6 {is a better defense.} 42. Qc2 Qe7) 42. Qe2 Qb7 43. Qb5 Qb8 44. Qd7 1-0

[Event "CZE-ch U12 2020"]
[Site "Kouty nad Desnou"]
[Date "2020.03.10"]
[Round "5.9"]
[White "Kubin, Tomas Daniel"]
[Black "Sedmihradsky, Tomas"]
[Result "1/2-1/2"]
[ECO "C55"]
[WhiteElo "1484"]
[BlackElo "1024"]
[Annotator "NA"]
[PlyCount "60"]
[EventDate "2020.03.07"]
[EventCountry "CZE"]
[SourceTitle "playchess.com"]
[Source "ChessBase"]
[SourceQuality "1"]
[TimeControl "5400+30"]

1. e4 e5 2. Nf3 Nc6 3. d4 exd4 4. Bc4 Nf6 5. e5 Ne4 6. Bd5 Nc5 7. O-O Be7 8. Bxc6 dxc6 9. Nxd4 Ne6 10. Be3 Nxd4 11. Bxd4 b6 12. Nc3 c5 13. Be3 Ba6 14. Re1 O-O 15. Qg4 f5 16. exf6 Bxf6 17. Rad1 Qc8 18. Qg3 Bxc3 19. bxc3 Rf7 20. Bg5 Qf5 21. Rd2 Bb5 22. Red1 Re8 23. h3 Ba4 24. Rd8 Qxc2 25. Rxe8+ Bxe8 26. Rd8 Qa4 27. Qe5 Kf8 28. c4 Qc6 29. f4 h6 30. Bh4 a6 1/2-1/2

[Event "CZE-ch U12 2020"]
[Site "Kouty nad Desnou"]
[Date "2020.03.10"]
[Round "5.10"]
[White "Buchta, Bartolomej"]
[Black "Babula, Matej"]
[Result "1-0"]
[ECO "C75"]
[WhiteElo "1508"]
[BlackElo "1353"]
[Annotator "NA RC"]
[PlyCount "35"]
[EventDate "2020.03.07"]
[EventCountry "CZE"]
[SourceTitle "playchess.com"]
[Source "ChessBase"]
[SourceQuality "1"]
[TimeControl "5400+30"]

1. e4 e5 2. Nf3 Nc6 3. Bb5 a6 4. Ba4 d6 5. c3 Bd7 6. O-O Nge7 7. d4 g6 8. Bb3 Bg7 9. Ng5 O-O 10. f4 Be8 11. f5 h6 12. Nh3 Nc8 13. fxg6 exd4 14. Qh5 Qe7 15. Bxh6 Qe5 16. Bg5 Bh6 17. gxf7+ Bxf7 18. Bxf7+ 1-0

[Event "CZE-ch U12 2020"]
[Site "Kouty nad Desnou"]
[Date "2020.03.10"]
[Round "5.11"]
[White "Sigut, Ondrej"]
[Black "Matus, Jakub"]
[Result "1/2-1/2"]
[ECO "B31"]
[WhiteElo "1274"]
[BlackElo "1240"]
[Annotator "NA"]
[PlyCount "62"]
[EventDate "2020.03.07"]
[EventCountry "CZE"]
[SourceTitle "playchess.com"]
[Source "ChessBase"]
[SourceQuality "1"]
[TimeControl "5400+30"]

1. e4 c5 2. Nf3 Nc6 3. Bb5 g6 4. Bxc6 dxc6 5. O-O Bg7 6. Re1 Nf6 7. h3 O-O 8. d3 Re8 9. Bg5 Qb6 10. Bc1 e5 11. Nbd2 Qc7 12. Nf1 b6 13. Be3 Ba6 14. Ng3 Rad8 15. Qc1 Nd7 16. Bh6 f6 17. Bxg7 Kxg7 18. Nh2 h5 19. Nf3 c4 20. dxc4 Bxc4 21. Qe3 Nc5 22. a3 Ne6 23. Nf1 Qc8 24. Rad1 Nf4 25. Ng3 Be6 26. Ne2 Nxe2+ 27. Qxe2 Rxd1 28. Rxd1 Rd8 29. Kh2 Bf7 30. Rd2 Re8 31. Qd1 Be6 1/2-1/2

[Event "CZE-ch U12 2020"]
[Site "Kouty nad Desnou"]
[Date "2020.03.10"]
[Round "5.12"]
[White "Hobza, Richard"]
[Black "Tesar, Jakub"]
[Result "1/2-1/2"]
[ECO "D05"]
[WhiteElo "1251"]
[BlackElo "1446"]
[Annotator "NA"]
[PlyCount "80"]
[EventDate "2020.03.07"]
[EventCountry "CZE"]
[SourceTitle "playchess.com"]
[Source "ChessBase"]
[SourceQuality "1"]
[TimeControl "5400+30"]

1. d4 d5 2. Nf3 Nf6 3. e3 e6 4. Bd3 c5 5. c3 Nc6 6. Nbd2 b6 7. O-O Bb7 8. Qe2 Nh5 9. Bc2 f5 10. Ne5 Nxe5 11. dxe5 g6 12. f4 Rc8 13. Nf3 Be7 14. Ba4+ Kf7 15. Rd1 Qc7 16. c4 Rhd8 17. Bc2 dxc4 18. Qxc4 Rxd1+ 19. Bxd1 Qd7 20. Qf1 Rd8 21. Be2 Be4 22. b3 Ng7 23. Bb2 Ne8 24. Rd1 Qc8 25. Rxd8 Qxd8 26. Qe1 Nc7 27. Nd2 Bc6 28. Bf3 Bxf3 29. Nxf3 Qd3 30. g3 Nd5 31. Kf2 c4 32. bxc4 Qxc4 33. a3 Bc5 34. Nd4 Qd3 35. Qe2 Qe4 36. Qf3 Qb1 37. Qe2 Qh1 38. h4 Qh2+ 39. Kf3 Qh1+ 40. Kf2 Qb1 1/2-1/2

[Event "CZE-ch U12 2020"]
[Site "Kouty nad Desnou"]
[Date "2020.03.11"]
[Round "6.2"]
[White "Juhanak, Daniel"]
[Black "Fizer, Marek"]
[Result "1-0"]
[ECO "B63"]
[WhiteElo "1656"]
[BlackElo "1907"]
[Annotator "ChessBase"]
[PlyCount "77"]
[EventDate "2020.03.07"]
[EventCountry "CZE"]
[SourceTitle "playchess.com"]
[Source "ChessBase"]
[SourceQuality "1"]
[TimeControl "5400+30"]

1. e4 c5 2. Nf3 d6 3. d4 cxd4 4. Nxd4 Nf6 5. Nc3 Nc6 6. Bg5 e6 7. Qd2 Bd7 8. Ndb5 Nb4 9. Bxf6 gxf6 10. O-O-O Bxb5 11. Nxb5 d5 12. a3 Na6 13. exd5 exd5 14. Qxd5 Qxd5 15. Rxd5 Rd8 16. Rxd8+ Kxd8 17. Bc4 Bh6+ 18. Kb1 Nc5 19. Nd6 Rg8 20. Nxf7+ Kc7 21. Nxh6 Rxg2 22. f3 Kd6 23. Ng4 f5 24. Ne3 Rf2 25. Rd1+ Ke7 26. Nxf5+ Kf6 27. Rd6+ Kxf5 28. Rd5+ Kf4 29. Rxc5 Rxh2 30. Bf7 Kxf3 31. Rh5 Rd2 32. Rxh7 b5 33. Bh5+ Ke4 34. Rxa7 Rd5 35. Bg6+ Kd4 36. Bd3 Kc5 37. Ra5 Kb6 38. Rxb5+ Rxb5 39. Bxb5 1-0

[Event "CZE-ch U12 2020"]
[Site "Kouty nad Desnou"]
[Date "2020.03.11"]
[Round "6.4"]
[White "Day, Tobias"]
[Black "Zelba, Lukas"]
[Result "0-1"]
[ECO "A46"]
[WhiteElo "1837"]
[BlackElo "1727"]
[Annotator "NA RC"]
[PlyCount "76"]
[EventDate "2020.03.07"]
[EventCountry "CZE"]
[SourceTitle "playchess.com"]
[Source "ChessBase"]
[SourceQuality "1"]
[TimeControl "5400+30"]

1. d4 Nf6 2. Nf3 e6 3. Bg5 h6 4. Bh4 b6 5. Nbd2 g5 6. Bg3 {[%emt 0:00:55] A46: 1 d4 Nf6 2 Nf3 e6: Torre, London and Colle Systems.} Bb7 7. e3 d6 8. h3 Nbd7 9. Bd3 {[%emt 0:04:24] [#]} c5 $146 ({Predecessor:} 9... Qe7 10. Qe2 a6 11. O-O-O Bg7 12. Kb1 b5 13. e4 Nh5 14. Bh2 c5 15. c3 Nf4 16. Bxf4 gxf4 {0-1 (60) Lilov,V (2411)-Komarov,D (2530) Varna 2009}) 10. c3 Nh5 11. e4 Nxg3 12. fxg3 Nf6 13. Bb5+ Nd7 {[%emt 0:00:12] [#]} 14. dxc5 (14. Nc4 $1 $16) 14... bxc5 15. Nc4 Qc7 16. Qd3 O-O-O 17. O-O-O Nb6 18. Na5 Nd7 (18... Bg7 $14) 19. Nxb7 Kxb7 20. Nd2 ({White should play} 20. Bxd7 $16 Rxd7 21. Ne5 {[%mdl 64] Pin}) 20... Ne5 21. Qc2 c4 22. Nf3 Nd3+ 23. Kb1 Qb6 (23... d5 $11 {remains equal.}) 24. Nd4 (24. Bxc4 $16 Nf2 {[%mdl 64] Double Attack} 25. Rd5 exd5 26. Bxd5+ {[%mdl 64] Double Attack} Kb8 27. Rf1) 24... Ne5 $1 25. Ba4 Be7 26. Ka1 Rc8 27. Rb1 Ka8 28. Rhd1 Rc5 29. b4 cxb3 30. Rxb3 Qa5 31. Bb5 (31. Rdb1 $11 Qc7 32. Qb2) 31... Rhc8 32. Kb2 Nc4+ ({Black should play} 32... Bf6 $17 33. a3 g4) 33. Bxc4 $1 Rxc4 34. Rd3 Bf6 35. Nb5 $1 Ra4 36. a3 Rb8 37. Nxd6 $19 (37. Nd4 $15 Rb6 38. Rxb6 axb6 39. Qb3) 37... Rxa3 38. Rxb8+ Kxb8 0-1

[Event "CZE-ch U12 2020"]
[Site "Kouty nad Desnou"]
[Date "2020.03.11"]
[Round "6.5"]
[White "Tichy, Tomas"]
[Black "Hladky, Tadeas"]
[Result "1/2-1/2"]
[ECO "D70"]
[WhiteElo "1810"]
[BlackElo "1773"]
[Annotator "NA RC"]
[PlyCount "112"]
[EventDate "2020.03.07"]
[EventCountry "CZE"]
[SourceTitle "playchess.com"]
[Source "ChessBase"]
[SourceQuality "1"]
[TimeControl "5400+30"]

1. d4 Nf6 2. c4 g6 3. f3 d5 4. cxd5 Nxd5 5. e4 Nb6 6. Nc3 Bg7 7. Be3 Nc6 8. Bb5 {[%emt 0:00:52] D70: Grünfeld: Unusual White 3rd moves (met by ...d5).} (8. d5 $5 Ne5 9. f4 $14) 8... Bd7 {[%emt 0:01:19] [#]} 9. Qd2 $146 ({Predecessor:} 9. Nge2 O-O 10. O-O Nb4 11. Bd3 Nxd3 12. Qxd3 c6 13. b3 a5 14. a4 Nc8 15. Qd2 Re8 {1-0 (36) Duda,J (2684)-Tomaszewski,R (2297) Zgierz 2017}) 9... a6 10. Be2 e5 11. d5 Nd4 12. O-O-O (12. Bd3 $11 {keeps the balance.}) 12... Nxe2+ 13. Qxe2 Na4 14. Nxa4 Bxa4 15. b3 Bb5 16. Qd2 Qd6 17. Kb1 Bd7 18. Rc1 b6 19. g4 a5 20. Qc3 Rc8 ({Black should play} 20... a4 $1 $15) 21. Qc2 (21. Ne2 $11) 21... a4 22. bxa4 O-O 23. h4 $2 (23. Ne2 $1 $11 {and White has nothing to worry.}) 23... Ra8 (23... c6 $19 {is more deadly.} 24. Rd1 cxd5 {[%mdl 64] Discovered Attack} 25. Rxd5 Qe7) 24. Bd2 $2 (24. Qxc7 $15 Qb4+ 25. Ka1) 24... Bxa4 $2 (24... Rxa4 $19 25. Ne2 Rfa8) 25. Qxc7 Qa3 26. Qc3 Qd6 27. Qb4 Qd7 $1 28. d6 $2 $11 ({White should try} 28. Qb2 $11) 28... Qe6 (28... Bb5 $17 29. Rh2 Rfc8 30. Rxc8+ Rxc8) 29. Qc4 (29. Ne2 $1 $15) 29... Qd7 (29... Qxd6 $17 30. Bb4 Qd7 31. Bxf8 Bxf8) 30. Bb4 $2 Rfc8 31. Qd3 Bb5 32. Qd2 Rxc1+ 33. Kxc1 Bf8 34. Rh2 Rd8 35. Qd5 Bxd6 36. Bxd6 Qxd6 37. Qxd6 Rxd6 38. Rc2 Ba4 39. Rd2 $1 Rc6+ 40. Kb1 (40. Kb2 $11) 40... Rc5 (40... Rc3 $17) 41. Ne2 Rb5+ 42. Rb2 Rxb2+ 43. Kxb2 Kg7 44. Nc3 Bc6 45. Kb3 f5 46. Nd5 $2 {[%emt 0:01:12] [#]} (46. g5 $11) 46... fxe4 $2 ({Black should play} 46... Bxd5+ $1 $19 47. exd5 e4) 47. fxe4 Bxd5+ 48. exd5 Kf6 49. Kc4 Ke7 50. Kb5 $11 Kd6 51. Kc4 h6 52. a4 Kd7 53. Kb5 Kc7 54. Kb4 Kd6 55. Kc4 Ke7 56. Kd3 Kd7 1/2-1/2

[Event "CZE-ch U12 2020"]
[Site "Kouty nad Desnou"]
[Date "2020.03.11"]
[Round "6.6"]
[White "Jasso, Matej"]
[Black "Martirosyan, David"]
[Result "1-0"]
[ECO "B38"]
[WhiteElo "1582"]
[BlackElo "1522"]
[Annotator "NA"]
[PlyCount "51"]
[EventDate "2020.03.07"]
[EventCountry "CZE"]
[SourceTitle "playchess.com"]
[Source "ChessBase"]
[SourceQuality "1"]
[TimeControl "5400+30"]

1. e4 c5 2. Nf3 Nc6 3. d4 cxd4 4. Nxd4 g6 5. c4 Bg7 6. Be3 Nf6 7. Nc3 d6 8. f3 O-O 9. Be2 Bd7 10. O-O Rc8 11. b3 a6 12. Rc1 Qa5 13. a4 Nxd4 14. Bxd4 Rc6 15. f4 Be6 16. Bf3 Rc7 17. Qd2 Nd7 18. Bxg7 Kxg7 19. Kh1 Nc5 20. Rb1 Qb4 21. f5 gxf5 22. exf5 Bxf5 23. Qg5+ Bg6 24. Nd5 Ne6 25. Qxg6+ hxg6 26. Nxb4 1-0

[Event "CZE-ch U12 2020"]
[Site "Kouty nad Desnou"]
[Date "2020.03.11"]
[Round "6.7"]
[White "Setina, Vaclav"]
[Black "Buchta, Bartolomej"]
[Result "0-1"]
[ECO "B22"]
[WhiteElo "1507"]
[BlackElo "1508"]
[Annotator "NA RC"]
[PlyCount "117"]
[EventDate "2020.03.07"]
[EventCountry "CZE"]
[SourceTitle "playchess.com"]
[Source "ChessBase"]
[SourceQuality "1"]
[TimeControl "5400+30"]

1. e4 c5 2. c3 d5 3. exd5 Qxd5 4. d4 e6 5. Nf3 Nf6 6. Be3 cxd4 7. cxd4 Bb4+ 8. Nc3 O-O 9. Be2 b6 10. O-O Bxc3 11. bxc3 Ba6 12. Bxa6 Nxa6 13. Qb3 Rac8 14. Nd2 Nc7 15. c4 Qd6 16. f3 Rfe8 17. Ne4 Qc6 18. Nxf6+ gxf6 19. Rfd1 b5 20. cxb5 Qxb5 21. d5 Qxb3 22. axb3 Nxd5 23. Bxa7 Re7 24. Bf2 Rb7 25. Rdb1 Rc2 26. Be1 Nf4 27. Ra4 e5 28. Kf1 Kh8 29. Bh4 Rb6 30. Bf2 Rbc6 31. Raa1 R6c3 32. b4 Nd3 33. Bh4 Kg7 34. b5 Nb2 35. b6 Rb3 36. Bf2 Kg6 37. Ra7 Rxf2+ 38. Kxf2 Nd3+ 39. Ke3 Rxb1 40. Kxd3 Rxb6 41. Ra2 f5 42. Ke3 Rb3+ 43. Kf2 e4 44. fxe4 fxe4 45. Re2 f5 46. g3 Kg5 47. Ra2 h5 48. h4+ Kg4 49. Ra8 Rb2+ 50. Ke3 Rb3+ 51. Kf2 Rf3+ 52. Kg2 Rxg3+ 53. Kh2 Rh3+ 54. Kg2 Rg3+ 55. Kh2 Kxh4 56. Rf8 Rh3+ 57. Kg2 Rf3 58. Rg8 Rf4 59. Kh2 0-1

[Event "CZE-ch U12 2020"]
[Site "Kouty nad Desnou"]
[Date "2020.03.11"]
[Round "6.8"]
[White "Veverka, Vladimir"]
[Black "Sedmihradsky, Tomas"]
[Result "1/2-1/2"]
[ECO "A85"]
[WhiteElo "1656"]
[BlackElo "1024"]
[Annotator "NA"]
[PlyCount "90"]
[EventDate "2020.03.07"]
[EventCountry "CZE"]
[SourceTitle "playchess.com"]
[Source "ChessBase"]
[SourceQuality "1"]
[TimeControl "5400+30"]

1. d4 f5 2. c4 Nf6 3. Nc3 g6 4. Bf4 d6 5. e3 Bg7 6. Nf3 O-O 7. h3 Qe8 8. Be2 Nbd7 9. Nb5 Qd8 10. c5 c6 11. Qb3+ Kh8 12. Nc3 d5 13. Ng5 Nb8 14. Qa3 Bd7 15. Na4 Qa5+ 16. b4 Qd8 17. Nb6 axb6 18. Qxa8 bxc5 19. bxc5 h6 20. Nf3 Ne4 21. O-O g5 22. Be5 g4 23. hxg4 fxg4 24. Bxg7+ Kxg7 25. Ne5 h5 26. Bd3 Nd2 27. Rfd1 Nf3+ 28. gxf3 gxf3 29. Kf1 h4 30. Ke1 Bh3 31. Kd2 Bg2 32. Rg1 h3 33. Rab1 Rh8 34. Nxf3 Kf6 35. Nh2 Qf8 36. Rxb7 Ke6 37. Ke2 Qe8 38. a4 Qh5+ 39. Ke1 Nd7 40. Qa7 Rd8 41. Be2 Qh7 42. Bg4+ Kf7 43. Bxd7 Rxd7 44. Qb6 Rxb7 45. Qxb7 Qc2 1/2-1/2